 Dungeon Crawl Stone Soup version 0.28-b1-1-g3c77fb2ed1 (webtiles) character file.

Game seed: 7078257513658855749

886 H0rd4k the Charlatan (level 8, -2/60 HPs)
             Began as a Human Artificer on Jan 27, 2022.
             Slain by a mummy (14 damage)
             ... in an ossuary.
             The game lasted 00:08:54 (7086 turns).

H0rd4k the Charlatan (Human Artificer)              Turns: 7086, Time: 00:08:54

Health: -2/60      AC:  9    Str: 15    XL:     8   Next: 26%
Magic:  8/8        EV: 12    Int: 12    God:
Gold:   308        SH:  0    Dex: 13    Spells: 7/7 levels left

rFire   . . .      SeeInvis .   s - +0 whip (drain)
rCold   . . .      Faith    .   (no shield)
rNeg    + . .      Spirit   .   k - +4 ring mail
rPois   .          Reflect  .   o - +0 hat
rElec   .          Harm     .   (no cloak)
rCorr   .          Rampage  .   (no gloves)
Will    .....                   (no boots)
Stlth   +.........              (no amulet)
HPRegen 0.20/turn               n - ring of positive energy
MPRegen 0.11/turn               (no ring)

@: no status effects
A: no striking features
a: no special abilities


You were in an ossuary.
You visited 1 branch of the dungeon, and saw 7 of its levels.
You also visited: Ossuary.

You collected 308 gold pieces.

Inventory:

Hand Weapons
 a - a +0 club
 s - a +0 whip of draining (weapon)
Missiles
 y - 2 throwing nets
Armour
 b - a +0 leather armour
 k - a +4 ring mail (worn)
 o - a +0 hat (worn)
Jewellery
 n - a ring of positive energy (left hand)
Wands
 c - a wand of flame (2) (quivered)
 d - a wand of charming (1)
Scrolls
 f - a scroll of immolation {unknown}
 g - 3 scrolls of identify
 i - 2 scrolls of fog {unknown}
 j - a scroll of enchant armour {unknown}
 p - 2 scrolls of enchant weapon {unknown}
 r - a scroll of magic mapping {unknown}
 u - 3 scrolls of brand weapon {unknown}
 v - a scroll of silence {unknown}
 z - 4 scrolls of teleportation {unknown}
 A - a scroll of holy word {unknown}
 B - a scroll of fear {unknown}
Potions
 h - a potion of might
 l - a potion of degeneration {unknown}
 m - a potion of heal wounds {unknown}
 q - a potion of flight {unknown}
 t - 2 potions of lignification
 w - 2 potions of curing
 x - a potion of mutation {unknown}
Miscellaneous
 e - a piece from Xom's chessboard (15/15)


   Skills:
 + Level 3.8 Fighting
 + Level 4.7 Maces & Flails
 - Level 2.0 Armour
 + Level 4.5 Dodging
 - Level 1.0 Stealth
 + Level 5.1 Evocations


You had 7 spell levels left.
You didn't know any spells.
Your spell library contained the following spells:

 Spells                   Type           Power      Damage    Failure   Level
 Animate Dead             Necr           0%         N/A       99%         4
 Haunt                    Necr/Summ      0%         N/A       100%        7
 Infestation              Necr           0%         N/A       100%        8


Dungeon Overview and Level Annotations

Branches:
Dungeon (7/15)            Ossuary (1/1)
 Temple: D:4-7

Altars:
The Shining One

Annotations:
D:4 exclusion: downstairs
D:5 exclusion: ice beast
D:6 exclusion: upstairs


Message History

The jackal zombie bites you but does no damage.
You hit the jackal zombie.
You destroy the jackal zombie!
The mummy misses you.
You hit the mummy.
The mummy is lightly damaged.
The mummy hits you!
You hit the mummy but do no damage.
The mummy is lightly damaged.
A kobold zombie comes into view.
You barely miss the mummy.
The mummy is lightly damaged.
The mummy barely misses you.
You hit the mummy.
The mummy is lightly damaged.
You hit the mummy.
The mummy is moderately damaged.
The mummy hits you!
You hit the mummy but do no damage.
The mummy is moderately damaged.
A rat zombie comes into view.
You barely miss the mummy.
The mummy is moderately damaged.
The mummy barely misses you.
You hit the mummy.
The mummy is moderately damaged.
The mummy hits you!
* * * LOW HITPOINT WARNING * * *
You barely miss the mummy.
The mummy is moderately damaged.
You barely miss the mummy.
The mummy is moderately damaged.
The mummy barely misses you.
A hobgoblin zombie comes into view.
A mummy comes into view.
The hobgoblin zombie barely misses you.
The mummy moves out of view.
The hobgoblin zombie hits you.
* * * LOW HITPOINT WARNING * * *
The mummy hits you!
You die...

.Z# #Z..# ..# #.....
#.M.# ..# #....
#...# ..# ##....
#...# ..# .... #Z..#
..# #.^# #...# ..#
#..# #Z..# ..# #^.#
#...#
..######.^######@..#
.......Z.......M...#
.......8..8........#
...................#
...................#
####################


You could see 2 mummies, a hobgoblin zombie and a kobold zombie.

Vanquished Creatures
  A sky beast (D:5)
  A kobold brigand (D:6)
  A bullfrog (D:6)
  A scorpion (D:4)
  2 centaur zombies (Ossuary)
  2 hounds
  An orc priest (D:5)
  A bullfrog skeleton (D:6)
  Natasha (D:2)
  An orc wizard (D:4)
  A killer bee zombie (D:6)
  A hound skeleton (D:5)
  3 adders
  A gnoll (D:3)
  A howler monkey skeleton (D:3)
  A shadow imp (D:5)
  2 adder zombies
  2 worms (D:3)
  3 dart slugs
  12 orcs
  8 endoplasms
  A giant cockroach (D:2)
  8 hobgoblins
  2 jackals (D:1)
  3 quokkas
  2 ball pythons
  4 bats
  5 frilled lizards
  7 goblins
  8 hobgoblin zombies (Ossuary)
  2 jackal zombies (Ossuary)
  7 kobolds
  6 kobold zombies (Ossuary)
  7 orc zombies (Ossuary)
  6 rats
  A rat zombie (Ossuary)
116 creatures vanquished.

Vanquished Creatures (collateral kills)
  2 orc priests (D:6)
  3 orc wizards
  2 gnolls (D:3)
  7 orcs
  A goblin (D:1)
  A hobgoblin (D:4)
16 creatures vanquished.

Vanquished Creatures (others)
  2 orc wizards
  A gnoll (D:3)
  2 orcs (D:3)
  2 bats (D:1)
  12 plants (D:6)
19 creatures vanquished.

Grand Total: 151 creatures vanquished

Notes
Turn   | Place    | Note
-------+----------+-------------------------------------------
     0 | D:1      | H0rd4k the Human Artificer began the quest for the Orb.
     0 | D:1      | Reached XP level 1. HP: 15/15 MP: 1/1
   586 | D:1      | Reached XP level 2. HP: 6/21 MP: 2/2
  2011 | D:2      | Reached XP level 3. HP: 13/26 MP: 3/3
  2026 | D:2      | Found a faded altar of an unknown god.
  2342 | D:2      | Reached skill level 4 in Evocations
  2849 | D:2      | Noticed Natasha
  2856 | D:2      | Killed Natasha
  2857 | D:2      | Reached XP level 4. HP: 25/33 MP: 4/4
  3562 | D:3      | Reached XP level 5. HP: 38/38 MP: 5/5
  3738 | D:3      | Found a glowing golden altar of the Shining One.
  4460 | D:4      | Noticed an ogre
  4460 | D:4      | Noticed a bullfrog
  4569 | D:4      | Reached skill level 1 in Maces & Flails
  4575 | D:4      | Reached XP level 6. HP: 36/46 MP: 6/6
  5239 | D:5      | Entered Level 5 of the Dungeon
  5324 | D:5      | Noticed a sky beast
  5406 | D:5      | Killed a sky beast
  5407 | D:5      | Reached skill level 5 in Evocations
  5407 | D:5      | Reached XP level 7. HP: 49/52 MP: 7/7
  6587 | D:6      | Reached XP level 8. HP: 60/60 MP: 8/8
  6684 | D:7      | Found a sand-covered staircase.
  6700 | Ossuary  | Entered an ossuary
  7086 | Ossuary  | Slain by a mummy

Illustrated notes

Levels and vault maps discovered:
D:1:      eino_arrival_cavern_b, layout_rooms
D:2:      layout_loops_ring, dreamdust_ecumenical_altar_statues, uniq_natasha
D:3:      layout_loops_ring, tso_altar, chequers_serial_rivers_large_b
D:4:      layout_cave_pods, lightli_corner_chamber
D:5:      layout_basic, dk_rats_in_the_wall
D:6:      layout_basic, lexackson_kobold_supper
D:7:      layout_basic, minmay_temple_entry_crystal_x,
          lightli_ossuary_entry_decrepit_ruins
Ossuary:  ossuary_tomb_1

Skill      XL: |  1  2  3  4  5  6  7 |
---------------+----------------------+-----
Evocations     | 4 5 |  5.1
Dodging        | 2 3 4 |  4.5
Fighting       | 2 3 |  3.8
Maces & Flails | 1 2 4 |  4.7
Armour         | |  2.0
Stealth        | |  1.0

Action                   |  1- 3 |  4- 6 |  7- 9 || total
-------------------------+-------+-------+-------++-------
Melee: Club              |   143 |    85 |       ||   228
       Punch             |     2 |       |     7 ||     9
       Whip              |       |    91 |   289 ||   380
Evoke: Wand              |    12 |    13 |     2 ||    27
       Piece from Xom's  |       |     1 |       ||     1
  Use: Scroll            |       |     3 |       ||     3
 Stab: Sleeping          |     2 |       |       ||     2
       Petrified         |       |     8 |       ||     8
Armor: Leather armour    |    65 |       |       ||    65
       Ring mail         |     2 |    64 |   138 ||   204
Dodge: Dodged            |   145 |    78 |   214 ||   437
